 Dungeon Crawl Stone Soup version 0.31.0-1-g2c135a008e (webtiles) character file.

Game seed: 5698413373104203715

257 qw the Shooter (level 6, -2/47 HPs)
             Began as a Djinni Hunter on Jan 24, 2024.
             Slain by a quokka (4 damage)
             ... on level 4 of the Dungeon.
             The game lasted 00:00:12 (2808 turns).

qw the Shooter (Djinni Hunter)                      Turns: 2808, Time: 00:00:13

Health: -2/47      AC:  5    Str: 10    XL:     6   Next: 39%
Gold:   73         EV: 13    Int: 11    God:
                   SH:  0    Dex: 18

rFire   + . .        a - +1 shortbow
rCold   . . .        (shield currently unavailable)
rNeg    . . .        f - +2 animal skin
rPois   inf          g - +0 helmet
rElec   .            (no cloak)
rCorr   .            (no gloves)
SInv    .            (boots unavailable)
Will    .....        e - amulet of faith
Stlth   ++           d - ring of ice
HPRegen 0.27/turn    (no ring)
MPRegen 0.00/turn

%: faith, infuse magic (-3 HP)
@: flying
A: sickness immunity, fire resistance 2, cold vulnerability 1, float, innate
caster, HP casting, extra vitality 1
a: no special abilities


You were on level 4 of the Dungeon.
You visited 1 branch of the dungeon, and saw 4 of its levels.

You collected 103 gold pieces.
You spent 30 gold pieces at shops.


Innate Abilities, Weirdness & Mutations

You are immune to sickness and miasma.
You are immune to poison.
Your flesh is very heat resistant. (rF++)
You are vulnerable to cold. (rC-)
You float through the air rather than walking.
You learn spells naturally, not from books.
Your magical power is your life essence.
You have superior vitality. (+4 MHP)


   Skills:
 + Level 3.9 Fighting
 - Level 5.0 Ranged Weapons
 - Level 3.0 Dodging
 - Level 0.7 Stealth


You knew the following spells:

 Your Spells              Type           Power      Damage    Failure   Level
a - Shock                 Conj/Air       0%         1d3       34%         1
b - Jinxbite              Hex            0%         N/A       47%         2
Your spell library was empty.

Inventory:

Hand Weapons
 a - a +1 shortbow (weapon)
Armour
 f - a +2 animal skin (worn)
 g - a +0 helmet (worn)
Jewellery
 d - a ring of ice (left hand)
 e - an amulet of faith (around neck)
Wands
 c - a wand of acid (3)
Potions
 b - 4 potions of curing
 j - a potion of enlightenment
 k - a potion of cancellation {unknown}
 m - a potion of degeneration {unknown}

Dungeon Overview and Level Annotations

Branches:
Dungeon (4/15)
 Temple: D:4-7

Altars:

Shops:
D:2 [![*


Message History

The scorpion stings you but does no damage.
You shoot an arrow. The arrow closely misses the scorpion.
The quokka closely misses you. The scorpion stings you.
The quokka twitches its whiskers.
The quokka bites you but does no damage.
The scorpion stings you but does no damage.
You shoot an arrow.
The arrow hits the scorpion but does no damage.
The quokka bites you but does no damage.
The scorpion barely misses you.
The hound stops to sniff the ground.
You shoot an arrow.
The arrow hits the scorpion but does no damage.
The quokka closely misses you. The scorpion closely misses you.
The quokka barely misses you.
You shoot an arrow. The arrow hits the scorpion.
The scorpion is moderately wounded.
The hound pauses to sniff the ground.
The scorpion misses you. The quokka closely misses you.
The scorpion stings you but does no damage.
You shoot an arrow.
The arrow hits the scorpion but does no damage.
The scorpion is moderately wounded.
The quokka closely misses you. The scorpion closely misses you.
You shoot an arrow. The arrow hits the scorpion.
The scorpion is heavily wounded.
The quokka barely misses you.
The scorpion stings you but does no damage.
The quokka misses you. The scorpion closely misses you.
You shoot an arrow. The arrow hits the scorpion.
The scorpion is severely wounded.
The quokka bites you but does no damage.
The scorpion stings you.
You shoot an arrow.
The arrow hits the scorpion but does no damage.
The scorpion is severely wounded.
The quokka bites you. The scorpion stings you.
You shoot an arrow. The arrow barely misses the scorpion.
The quokka bites you.
You die...

.7P7.7.7P7¤77P.# #.#
....7.7.7¤77 7# #.#
.........777 .## #.#
......P...7P. ..# #.#
...........7.7 7.# #.#
##+#P...#.PP7..#.# #.#
# #..P.#......#.# #.#
#
#..........#r.######.#
# #.@.......# ..
#s#######.# ... 7.h
#.# ... 7... #.# ...
..... #.# ..#... #.#
....... #.# ...$...
#.#


You could see a scorpion, a hound and a quokka.

Vanquished Creatures
  A hound (D:4)
  Jessica (D:2)
  An iguana (D:4)
  A scorpion zombie (D:2)
  Robin (D:2)
  A gnoll (D:4)
  3 adders (D:2)
  3 dart slugs
  A ribbon worm (D:3)
  2 orcs (D:3)
  5 ball pythons
  5 bats
  A bat skeleton (D:2)
  A bat zombie (D:2)
  3 endoplasms
  5 giant cockroaches
  13 goblins
  12 hobgoblins
  5 jackals (D:2)
  4 quokkas
  A ball python skeleton (D:2)
  2 frilled lizards
  A jackal zombie (D:2)
  7 kobolds
  7 rats
87 creatures vanquished.

Notes
Turn   | Place    | Note
-------+----------+-------------------------------------------
     0 | D:1      | qw the Djinni Hunter began the quest for the Orb.
     0 | D:1      | Reached XP level 1. HP: 18/18 MP: 0/0
     0 | D:1      | 0 ||| qw: Version: 0.3-a-136-gdd3b4e8
     0 | D:1      | 0 ||| qw: Game counter: 1372
     0 | D:1      | 0 ||| qw: Melee chars always use a shield: true
     0 | D:1      | 0 ||| qw: God list: Okawaru
     0 | D:1      | 0 ||| qw: Allow faded altars: false
     0 | D:1      | 0 ||| qw: Do Orc after clearing Dungeon:15 true
     0 | D:1      | 0 ||| qw: Do second Lair branch before Depths: true
     0 | D:1      | 0 ||| qw: Lair rune preference: random
     0 | D:1      | 0 ||| qw: Goals: Normal
     0 | D:1      | 0 ||| PLANNING D:1-11
    34 | D:1      | Reached XP level 2. HP: 23/23 MP: 0/0
    95 | D:1      | You are sucked into a shaft and drop 1 floor!
   141 | D:2      | Noticed Jessica
   143 | D:2      | Killed Jessica
   144 | D:2      | Reached skill level 4 in Ranged Weapons
   144 | D:2      | Reached XP level 3. HP: 28/28 MP: 0/0
   144 | D:2      | Learned a level 1 spell: Shock
   194 | D:2      | Found Exag's Assorted Antiques.
   205 | D:2      | 205 ||| SHOPLISTING amethyst potion (24 gold, have 0).
   205 | D:2      | 205 ||| SHOPLISTING fizzy silvery potion (24 gold, have 0).
   205 | D:2      | 205 ||| SHOPLISTING fuming ruby potion (24 gold, have 0).
   205 | D:2      | 205 ||| SHOPLISTING scroll labelled ADEKKI VAPA (27 gold,
                  | have 0).
   205 | D:2      | 205 ||| SHOPLISTING scroll labelled DEORPH XEICKU (27 gold,
                  | have 0).
   205 | D:2      | 205 ||| SHOPLISTING scroll labelled OSIHUI DYENIUM (27
                  | gold, have 0).
   246 | D:2      | Reached skill level 3 in Fighting
   246 | D:2      | Reached XP level 4. HP: 35/35 MP: 0/0
   363 | D:2      | Found Wischuyru's Armour Emporium.
   375 | D:2      | 375 ||| UPGRADING to amulet of faith.
   380 | D:2      | 380 ||| UPGRADING to ring of ice.
   381 | D:2      | 381 ||| DROPPING scroll of butterflies.
   392 | D:2      | 392 ||| SHOPLISTING +1 robe of fire resistance (177 gold,
                  | have 21).
   425 | D:2      | Found Rikludikh's Armour Boutique.
   435 | D:2      | 435 ||| SHOPLISTING +0 cloak (45 gold, have 21).
   451 | D:2      | Reached XP level 5. HP: 40/40 MP: 0/0
   451 | D:2      | Learned a level 2 spell: Jinxbite
   455 | D:2      | Reached skill level 3 in Dodging
   550 | D:2      | Noticed Robin
   566 | D:2      | Killed Robin
   729 | D:2      | Found Ytemannu's Distillery.
   736 | D:2      | 736 ||| BUYING potion of curing (30 gold).
   736 | D:2      | Bought a potion of curing for 30 gold pieces
   736 | D:2      | 736 ||| SHOPLISTING potion of curing (30 gold, have 3).
   736 | D:2      | 736 ||| SHOPLISTING potion of haste (100 gold, have 3).
   736 | D:2      | 736 ||| SHOPLISTING potion of heal wounds (50 gold, have
                  | 3).
   736 | D:2      | 736 ||| SHOPLISTING potion of mutation (80 gold, have 3).
   872 | D:2      | 872 ||| UPGRADING to +2 animal skin.
   882 | D:2      | 882 ||| DROPPING +0 leather armour.
   883 | D:2      | 883 ||| UPGRADING to +0 helmet.
   890 | D:2      | Found a faded altar of an unknown god.
  1157 | D:1      | 1157 ||| READING scroll labelled QOARCH JOJEM.
  1157 | D:1      | 1157 ||| ENCHANTING +0 shortbow.
  1554 | D:1      | 1554 ||| READING scroll labelled GOXAOTR POTHROX.
  1555 | D:1      | 1555 ||| READING scroll labelled NOIKI AKHOXALA.
  2403 | D:3      | 2403 ||| READING scroll labelled OSIHUI DYENIUM.
  2403 | D:3      | 2403 ||| IDENTIFYING sapphire potion
  2404 | D:3      | 2404 ||| READING scroll labelled ATREACH YTHARAKE.
  2405 | D:3      | 2405 ||| READING 2 scrolls labelled ADEKKI VAPA.
  2406 | D:3      | 2406 ||| DROPPING scroll of revelation.
  2455 | D:4      | Reached skill level 5 in Ranged Weapons
  2475 | D:4      | Reached XP level 6. HP: 46/46 MP: 0/0
  2577 | D:4      | Identified the +7 short sword "Jefas" {flame, ^Drain rC+
                  | Will++ Str+3}
  2800 | D:4      | HP: 6/47 [scorpion (6)]
  2806 | D:4      | HP: 4/47 [scorpion (4)]
  2808 | D:4      | Slain by a quokka

Levels and vault maps discovered:
D:1:      scummos_arrival_forest, layout_basic, minmay_strange_pillars,
          roderic_cross_of_infinity, minmay_misc_feat_roman
D:2:      layout_basic, nicolae_ecumenical_pavilion, serial_shops,
          nicolae_shop_tiny_glass, nicolae_shop_tiny_waterfront, shop,
          nicolae_shop_tiny_real_fake_doors, serial_undead, serial_undead_d,
          serial_undead_a, serial_undead_c, serial_undead_c, serial_undead_d,
          uniq_robin, uniq_jessica
D:3:      layout_basic
D:4:      wad_woods_settlement, layout_basic, mainiacjoe_overflow_two_lobes

Skill      XL: |  1  2  3  4  5 |
---------------+----------------+-----
Ranged Weapons | 4 5 |  5.0
Fighting       | 3 |  3.9
Dodging        | 3 |  3.0
Stealth        | |  0.7

Action                     |  1- 3 |  4- 6 || total
---------------------------+-------+-------++-------
   Fire: Shortbow          |    45 |   255 ||   300
    Use: Scroll            |       |     6 ||     6
 Armour: Leather armour    |    14 |    61 ||    75
         Animal skin       |       |    55 ||    55
  Dodge: Dodged            |    24 |   122 ||   146

Table legend:
 A = Non-vault XP
 B = Vault XP
 C = Vault XP percentage of total XP
 D = Non-vault monster count
 E = Vault monster count
 F = Vault count percentage of total count
                 A         B        C        D         E       F
            +---------+---------+-------+---------+---------+-------
      Total |     227 |     141 |  38.3 |      64 |      23 |  26.4
            +---------+---------+-------+---------+---------+-------
        D:1 |      47 |       0 |   0.0 |      27 |       0 |   0.0
        D:2 |      74 |     120 |  61.9 |      24 |      19 |  44.2
        D:3 |      20 |       0 |   0.0 |       7 |       0 |   0.0
        D:4 |      86 |      21 |  19.6 |       6 |       4 |  40.0
            +---------+---------+-------+---------+---------+-------
